 Dungeon Crawl Stone Soup version 0.31.0 (webtiles) character file.

Game seed: 8256762056051765059

56 bpung the Changeling (level 3, -1/27 HPs)
             Began as a Merfolk Shapeshifter on Jan 20, 2024.
             Splashed by a jelly's acid (2 damage)
             ... on level 4 of the Dungeon.
             The game lasted 00:06:44 (1568 turns).

bpung the Changeling (Merfolk Shapeshifter)         Turns: 1568, Time: 00:06:45

Health: -1/27      AC: -3    Str: 16    XL:     3   Next: 95%
Magic:  3/3        EV: 11    Int:  9    God:
Gold:   209        SH:  0    Dex: 13    Spells: 2/2 levels left

rFire   . .          .
                       - Unarmed
rCold   . . .        (no shield)
rNeg    . . .        q - +0 ring mail
rPois   .            (helmet currently unavailable)
rElec   .            (cloak currently unavailable)
rCorr   .            (gloves currently unavailable)
SInv    .            (boots currently unavailable)
Will    .....        (no amulet)
Stlth   +            (no ring)
HPRegen 0.24/turn    (no ring)
MPRegen 0.08/turn

%: no passive effects
@: beast-form, corroded
A: beast (slay +2), (nimble swimmer 2), mertail
a: Begin Untransformation


You were on level 4 of the Dungeon.
You were a hulking beast.
You visited 1 branch of the dungeon, and saw 4 of its levels.

You collected 209 gold pieces.

Inventory:

Hand Weapons
 h - a +0 sling
 u - a +0 dagger of draining
Missiles
 l - 3 atropa-tipped darts (quivered)
 n - 54 stones
Armour
 e - a +2 pair of boots
 i - a +0 cloak
 j - a +0 leather armour
 q - a +0 ring mail (worn)
Jewellery
 m - a ring of fire
Talismans
 c - a beast talisman
 d - a flux talisman
 o - a dragon-blood talisman
Scrolls
 a - 3 scrolls of identify {unknown}
 f - a scroll of poison {unknown}
 g - a scroll of fear {unknown}
 r - 2 scrolls of fog {unknown}
 s - a scroll of enchant armour {unknown}
 v - a scroll of silence {unknown}
 w - a scroll of immolation {unknown}
Potions
 b - a potion of lignification
 k - a potion of curing
 p - a potion of haste {unknown}
 t - 2 potions of might {unknown}
 x - a potion of attraction {unknown}


   Skills:
 + Level 2.0 Fighting
 + Level 3.3 Dodging
 + Level 3.7 Unarmed Combat
 * Level 4.9 Shapeshifting


You had 2 spell levels left.
You didn't know any spells.
Your spell library was empty.

Dungeon Overview and Level Annotations

Branches:
Dungeon (4/15)
 Temple: D:4-7

Altars:
Zin


Innate Abilities, Weirdness & Mutations

You are a hulking beast.
Your limbs bulge with bestial killing power. (Slay +2)
((You are very nimble when in or above water. (Stealth+, EV+, Speed+++)))
Your lower body shifts to a powerful aquatic tail in water.


Message History

You hit the ball python.
You kill the ball python!
The goblin closely misses you. The dart slug launches a dart at you.
The slug dart misses you. The goblin barely misses you.
You see here a ball python corpse.
A puff of flame appears from out of thin air!
The puff of flame misses you. The dart slug launches a dart at you.
The slug dart hits you.
There is a stone staircase leading down here.
The goblin barely misses you.
You climb downwards.
Reactivating autopickup.
The jelly quivers.
There is a stone staircase leading up here.
You hit the goblin.
You kill the goblin!
You see here a +0 dagger.
The jelly closely misses you.
You punch the jelly!
Your hands burn!
The jelly is heavily wounded.
The jelly completely misses you.
You hit the jelly. The acid corrodes you!
Your hands burn!
The jelly is severely wounded.
The jelly closely misses you.
You hit the jelly but do no damage.
Your hands burn!
The jelly is severely wounded.
The jelly hits you. The acid corrodes you!
You are splashed with acid!
* * * LOW HITPOINT WARNING * * *
You hit the jelly but do no damage.
Your hands burn!
* * * LOW HITPOINT WARNING * * *
The jelly is severely wounded.
The jelly barely misses you.
You hit the jelly but do no damage.
Your hands burn!
* * * LOW HITPOINT WARNING * * *
The jelly is severely wounded.
The jelly misses you.
You hit the jelly.
Your hands burn!
You die...

##########
##........#
..........#
#..<..+
##...).#
##.J....#
#..h....#
#..##.####
#.. #.# ##
..# ####


You could see a jelly.

Vanquished Creatures
  An adder (D:2)
  A dart slug (D:1)
  2 ribbon worms (D:2)
  4 bats
  An endoplasm (D:2)
  3 giant cockroaches
  4 goblins
  5 hobgoblins
  2 jackals (D:2)
  4 ball pythons
  2 frilled lizards (D:1)
  5 kobolds
  6 rats
40 creatures vanquished.

Notes
Turn   | Place    | Note
-------+----------+-------------------------------------------
     0 | D:1      | bpung the Merfolk Shapeshifter began the quest for the Orb.
     0 | D:1      | Reached XP level 1. HP: 15/15 MP: 1/1
   237 | D:1      | Reached XP level 2. HP: 15/21 MP: 2/2
   270 | D:1      | You fall into a shaft and drop 1 floor!
   270 | D:2      | Found a faded altar of an unknown god.
   435 | D:2      | Reached XP level 3. HP: 19/27 MP: 3/3
  1405 | D:3      | Found a glowing silver altar of Zin.
  1567 | D:4      | HP: 1/27 [acid (1)]
  1568 | D:4      | Splashed by a jelly's acid

Illustrated notes

Levels and vault maps discovered:
D:1:      lightli_arrival_flooded_house, layout_basic
D:2:      layout_basic, serial_rivers, chequers_serial_rivers_micro_d,
          chequers_serial_rivers_micro_b, chequers_serial_rivers_small_b,
          chequers_serial_rivers_micro_b, chequers_serial_rivers_room_b,
          chequers_ecumenical_altar_simple, minmay_circle_x
D:3:      layout_rooms, zin_academy, minmay_misc_feat_five
D:4:      layout_basic, old_standard_altar, regret_index_xom_buried_treasure,
          minmay_temple_entry_grid, kennysheep_orc_chapel, uniq_duvessa

Skill      XL: |  1  2  3 |
---------------+----------+-----
Dodging        | 3 |  3.3
Fighting       | 2 |  2.0
Unarmed Combat | |  3.7
Shapeshifting  | |  4.9

Action                     || total
---------------------------++-------
  Melee: Unarmed           ||   100
         Punch             ||     1
    Use: Potion            ||     1
 Armour: Animal skin       ||     6
         Leather armour    ||    19
         Ring mail         ||    25
  Dodge: Dodged            ||    55
